 Dungeon Crawl Stone Soup version 0.12.2-23-ge55d17c (webtiles) character file.

105007 kriptosporidium the Sorcerer (level 15, -4/72 HPs)
             Began as a Deep Elf Conjurer on Sept 4, 2013.
             Was the Champion of Sif Muna.
             Slain by a deep elf blademaster
             ... wielding a +2,+2 elven sabre of electrocution
              (5 damage)
             ... on Level 3 of the Elven Halls on Sept 5, 2013.
             The game lasted 05:05:23 (47618 turns).

kriptosporidium the Sorcerer (Deep Elf Conjurer)   Turns: 47618, Time: 05:05:23

HP  -4/72        AC 26     Str 14      XL: 15   Next: 95%
MP   3/50        EV  7     Int 25      God: Sif Muna [******]
Gold 1833        SH  8     Dex 15      Spells: 12 memorised, 18 levels left

Res.Fire  : + . .   See Invis. : .   B - staff of conjuration
Res.Cold  : + . .   Warding    : .   m - +2 pearl dragon armour
Life Prot.: + . .   Conserve   : .   b - +1 elf buckler
Res.Poison: +       Res.Corr.  : .   j - +2 golden helmet {Int+3}
Res.Elec. : +       Clarity    : .   I - +1 dwarf cloak
Sust.Abil.: . .     Spirit.Shd : .   E - +2 pair of gloves
Res.Mut.  : .       Stasis     : .   (no boots)
Res.Rott. : .       Ctrl.Telep.: x   (no amulet)
Saprovore : . . .   Flight     : .   J - ring of magical power
                                     C - +4 ring of strength

@: quite resistant to hostile enchantments, very unstealthy
A: no striking features
a: Channel Energy, Forget Spell, Renounce Religion


You were on level 3 of the Elven Halls.
You worshipped Sif Muna.
Sif Muna was exalted by your worship.
You were not hungry.

You visited 5 branches of the dungeon, and saw 29 of its levels.
You also visited: Volcano.

You collected 2767 gold pieces.
You spent 954 gold pieces at shops.

Inventory:

Hand weapons
 A - a +4,+2 quarterstaff of chaos
Armour
 b - a +1 elven buckler (worn)
 j - a +2 golden helmet of intelligence (worn)
 m - a +2 pearl dragon armour (worn)
 E - a +2 pair of gloves (worn)
 I - a +1 dwarven cloak (worn)
Magical devices
 a - a wand of enslavement (14)
 f - a wand of magic darts (10) {unknown}
 o - a wand of slowing (3)
 s - a wand of confusion (5)
 w - a wand of hasting (4)
 z - a wand of teleportation (4)
 F - a wand of digging (22)
 M - a wand of draining (4)
Comestibles
 d - a bread ration
 p - 9 meat rations
Scrolls
 i - 2 scrolls of recharging
 k - 2 scrolls of magic mapping
 T - 4 scrolls of remove curse
 U - a scroll of identify
Jewellery
 x - an uncursed ring of teleportation
 C - a +4 ring of strength (left hand)
 D - an uncursed ring of protection from fire
 J - a ring of magical power (right hand)
 K - an uncursed ring of flight
 W - an uncursed ring of sustenance
Potions
 g - 3 potions of speed
 l - 6 potions of curing
 q - 2 potions of invisibility
 t - a potion of slowing
Books
 e - Sif Muna's Guide on Blows and Bruises and Changing
   (Sif Muna gifted it to you on level 4 of the Orcish Mines)

   Spells                             Type                      Level
   Throw Flame                        Conjuration/Fire             2
   Throw Icicle                       Conjuration/Ice              4
   Statue Form                        Transmutation/Earth          6
   Necromutation                      Transmutation/Necromancy     8
 H - a Necronomicon {highlevel}

   This book is beyond your current level of understanding.

   Spells                             Type                      Level
   Borgnjor's Revivification          Necromancy                   7
   Haunt                              Necromancy/Summoning         7
   Death's Door                       Charms/Necromancy            8
   Necromutation                      Transmutation/Necromancy     8
 N - a book of Callings

   Spells                             Type                      Level
   Summon Small Mammals               Summoning                    1
   Call Imp                           Summoning                    2
   Call Canine Familiar               Summoning                    3
   Summon Scorpions                   Summoning/Poison             4
   Summon Ice Beast                   Ice/Summoning                4
 P - a book of Annihilations

   Spells                             Type                      Level
   Poison Arrow                       Conjuration/Poison           6
   *Orb of Destruction                Conjuration                  7
   Chain Lightning                    Conjuration/Air              8
   Lehudib's Crystal Spear            Conjuration/Earth            8
   Ice Storm                          Conjuration/Ice              9
   Fire Storm                         Conjuration/Fire             9
Magical staves
 B - an uncursed staff of conjuration (weapon)
Miscellaneous
 n - a legendary deck of changes
 y - a lantern of shadows


   Skills:
 - Level 10.2 Armour
 - Level 2.4 Dodging
 - Level 2.4 Stealth
 - Level 11.1 Traps
 - Level 21.0 Spellcasting
 + Level 20.5 Conjurations
 - Level 5.1 Charms
 - Level 8.2 Necromancy


You had 18 spell levels left.
You knew the following spells:

 Your Spells              Type           Power        Failure   Level  Hunger
a - Magic Dart            Conj           #####        0%          1    None
b - Force Lance           Conj           #######      0%          2    None
c - Iskenderun's Mystic   Conj           #########    1%          4    None
d - Iskenderun's Battles  Conj/Chrm      ########.    1%          4    None
e - Regeneration          Chrm/Necr      #######...   3%          3    None
f - Repel Missiles        Chrm/Air       ######....   10%         2    None
g - Conjure Flame         Conj/Fire      ########.    1%          3    None
h - Fulminant Prism       Conj/Hex       ########.    6%          5    None
i - Sublimation of Blood  Necr           #######...   1%          2    None
j - Swiftness             Chrm/Air       ######....   10%         2    None
k - Mephitic Cloud        Conj/Pois/Air  #######..    2%          3    None
l - Orb of Destruction    Conj           #########.   3%          7    ####...


Dungeon Overview and Level Annotations

Branches:
Dungeon (17/27)            Temple (1/1) D:6             Orc (4/4) D:9
    Elf (3/3) Orc:4          Lair (4/8) D:12          Swamp (0/5) Lair:3
 Shoals: Lair:3-6     Snake: Lair:3-6    Spider: Lair:3-6    Vaults: D:15-20

Altars:
Ashenzari
Cheibriados
Elyvilon
Fedhas
Kikubaaqudgha
Makhleb
Nemelex Xobeh
Okawaru
Sif Muna
Trog
Vehumet
Xom
Yredelemnul
Zin
the Shining One
Beogh

Shops:
D:14: / Orc:4: *?*[/ Elf:2: !

Portals:
Trove: D:16 (give 19 potions of curing)

Annotations
D:4 Pikel
D:16 19 potions of curing


Message History

Evoke which item? (* to show all) (? for menu, Esc to quit)
Zapping:
M - a wand of draining {zapped: 1}
Press: ? - help, Shift-Dir - straight line, f/p - deep elf blademaster
Aim: a deep elf blademaster, wielding an elven sabre of electrocution and an elven sabre and wearing an elven leather armour (almost dead)
The bolt of negative energy misses the deep elf blademaster.
The deep elf blademaster hits you but does no damage.
Evoke which item? (* to show all) (? for menu, Esc to quit)
Zapping:
s - a wand of confusion {zapped: 2}
Press: ? - help, Shift-Dir - straight line, f - deep elf annihilator, p - deep elf blademaster
Aim: a deep elf annihilator, wielding a glowing elven sabre (flame, heavily wounded)
The deep elf annihilator easily resists.
The deep elf annihilator is engulfed in roaring flames.
The deep elf annihilator unwields an uncursed glowing elven sabre.
The deep elf annihilator drops an uncursed glowing elven sabre.
The deep elf annihilator picks up an elven long sword.
The deep elf annihilator wields an elven long sword.
The deep elf blademaster hits you with an elven sabre of electrocution!
* * * LOW HITPOINT WARNING * * *
The deep elf blademaster hits you with an elven sabre.
You die...

#.....≈≈.....).....≈
#..................≈ .
#................=..
....e####.%.................
...3e.)§e...................
.......##....%..............
e.... #...................
.... #..e................
... #..@................ .
####################


You could see a deep elf blademaster and a deep elf annihilator.

Vanquished Creatures
  A mummy priest (Elf:2)
  A minotaur (Elf:2)
  4 deep elf annihilators (Elf:3)
  A demonspawn (Elf:2)
  A tengu (Elf:2)
  2 deep elf death magi (Elf:3)
  3 deep elf sorcerers (Elf:3)
  A spriggan defender (Elf:2)
  An elf (Elf:2)
  A deep dwarf (Elf:2)
  A yaktaur captain (D:11)
  A great orb of eyes (D:17)
  A dragon (D:16)
  Harold (D:10)
  Josephine (D:16)
  3 hydras
  A ravenous feature mimic (D:17)
  A deep elf demonologist (Elf:3)
  A wolf spider zombie (D:16)
  A deep elf high priest (Elf:3)
  5 orc high priests (Orc:4)
  7 centaur warriors
  22 slime creatures
  2 unseen horrors
  13 deep elf knights
  4 hill giants
  2 orc sorcerers (Orc:4)
  8 orc knights
  3 cyclopes
  A hydra zombie (D:14)
  A harpy zombie (D:16)
  An oklob plant (Lair:2)
  2 sixfirhies
  Maurice (D:13)
  A black mamba (Lair:2)
  A feature mimic (Elf:2)
  A spiny frog (Lair:3)
  Psyche (D:10)
  A hill giant zombie (D:12)
  A hill giant skeleton (D:10)
  Sonja (Orc:4)
  3 komodo dragons
  5 trolls
  An efreet (Volcano)
  37 ugly things
  Prince Ribbit (Orc:1)
  A queen bee (Lair:2)
  2 two-headed ogres
  A polar bear (shapeshifter) (Elf:1)
  14 blink frogs
  A troll (shapeshifter) (D:17)
  2 basilisks
  A blue devil (Orc:4)
  A draconian (shapeshifter) (D:13)
  A ynoxinul (Elf:3)
  2 sharks (D:16)
  A toenail golem (Volcano)
  A blink frog skeleton (D:10)
  2 wraiths
  42 yaks
  A vampire (D:12)
  2 fire drakes (Lair:3)
  Eustachio (D:5)
  A neqoxec (Elf:2)
  4 chaos spawn
  9 deep elf conjurers
  9 hippogriffs
  11 vampire mosquitoes
  A molten gargoyle (Volcano)
  13 deep elf fighters
  A rock worm (D:17)
  A yaktaur zombie (D:16)
  6 deep elf summoners
  A clay golem (Volcano)
  2 trapdoor spiders
  Edmund (Orc:1)
  2 fire vortices (Volcano)
  A giant slug zombie (D:16)
  2 mottled dragons (D:16)
  A soldier ant (D:14)
  A wyvern zombie (D:6)
  3 cyclops zombies
  38 orc warriors
  3 necrophages
  A slave (D:4)
  3 sky beasts
  5 deep elf priests
  A boulder beetle zombie (D:16)
  A yellow wasp (D:12)
  4 giant goldfish (Lair:3)
  17 centaurs
  A hippogriff zombie (D:11)
  2 troll zombies
  4 fulminant prisms
  3 phantoms
  3 crocodiles (Lair:3)
  An ice beast (D:10)
  3 lava worms (Elf:2)
  An ogre (shapeshifter) (D:16)
  9 ogres
  2 boring beetles (shapeshifter)
  The ghost of gilgaladt the Skirmisher, an average HEGl (D:3)
  8 deep elf magi
  Duvessa (D:4)
  4 wargs
  An earth elemental (Volcano)
  2 brain worms
  5 giant slugs
  4 agate snails
  A big kobold (D:16)
  11 water moccasins
  A giant frog zombie (D:5)
  3 giant frog skeletons
  14 giant frogs
  A cyclops simulacrum (D:14)
  2 eyes of draining (D:4)
  24 killer bees (Lair:2)
  7 lava fish
  16 electric eels
  10 wights
  5 goliath beetles
  A mottled dragon zombie (D:16)
  7 jellyfish
  13 crimson imps
  A big kobold skeleton (D:9)
  A big kobold zombie (D:9)
  Dowan (D:4)
  13 hounds
  2 quasits
  4 shadows
  Crazy Yiuf (D:5)
  9 big fish
  35 orc priests
  A spider (D:12)
  6 iguanas
  20 deep elf soldiers
  31 orc wizards
  7 scorpions
  7 porcupines
  10 worker ants
  A worker ant zombie (D:6)
  4 jellies
  10 sheep
  A goliath beetle zombie (D:10)
  Terence (D:2)
  8 gnolls
  36 green rats
  20 adders
  3 giant centipedes
  A giant centipede zombie (D:14)
  2 orc zombies (Orc:4)
  8 worms
  3 ufetubi
  2 giant eyeballs
  6 giant geckos
  176 orcs
  6 giant cockroaches
  25 hobgoblins
  28 jackals
  23 kobolds
  18 bats
  5 giant newts
  4 giant spores
  32 goblins
  A goblin zombie (Orc:4)
  4 quokkas
  20 rats
  33 ballistomycetes
  3 bushes
  A butterfly (Temple)
  6 fungi
  21 plants
1205 creatures vanquished.

Vanquished Creatures (others)
  A troll (D:16)
  3 ugly things (D:16)
  164 fulminant prisms
  An orc priest (D:9)
  2 orcs
  A hobgoblin (D:11)
  A bat (D:9)
  3 giant spores (D:10)
  A jackal (D:3)
  A kobold (D:4)
  A ballistomycete (D:10)
  A fungus (Lair:4)
  5 plants (D:16)
185 creatures vanquished.

Grand Total: 1390 creatures vanquished

Notes
Turn   | Place    | Note
--------------------------------------------------------------
     0 | D:1      | kriptosporidium, the Deep Elf Conjurer, began the quest for the Orb.
     0 | D:1      | Reached XP level 1. HP: 10/10 MP: 4/4
   889 | D:1      | Reached XP level 2. HP: 15/15 MP: 0/7
   966 | D:1      | Learned a level 2 spell: Force Lance
  1107 | D:1      | Reached skill level 5 in Conjurations
  1342 | D:1      | Found a shimmering altar of Xom.
  1342 | D:1      | Found a shimmering altar of Xom.
  1343 | D:1      | Found a shimmering altar of Xom.
  1344 | D:1      | Found a shimmering altar of Xom.
  1829 | D:2      | Reached XP level 3. HP: 19/19 MP: 8/10
  1862 | D:2      | Noticed a giant goldfish
  1878 | D:2      | Noticed a giant goldfish
  2594 | D:2      | Noticed Terence
  2606 | D:2      | Found a radiant altar of Vehumet.
  3128 | D:2      | Reached XP level 4. HP: 24/24 MP: 14/14
  3527 | D:2      | Killed Terence
  3527 | D:2      | Reached skill level 5 in Spellcasting
  3899 | D:3      | HP: 1/24 [poison (a needle trap)]
  4412 | D:3      | Found a bloodstained altar of Trog.
  4454 | D:3      | Noticed gilgaladt's ghost (average HEGl)
  4839 | D:4      | Found a bloodstained altar of Trog.
  4853 | D:4      | Reached skill level 6 in Spellcasting
  4853 | D:4      | Reached XP level 5. HP: 7/28 MP: 0/19
  4866 | D:4      | Reached skill level 7 in Spellcasting
  5091 | D:4      | Noticed a phantom
  5144 | D:4      | Noticed a necrophage
  5563 | D:4      | Reached XP level 6. HP: 32/32 MP: 11/22
  5636 | D:4      | Learned a level 4 spell: Iskenderun's Mystic Blast
  5730 | D:4      | Killed a phantom
  5730 | D:4      | Reached skill level 8 in Spellcasting
  6013 | D:4      | Killed a necrophage
  6214 | D:4      | Noticed Duvessa
  6215 | D:4      | Noticed Dowan
  6246 | D:4      | Killed Duvessa
  6246 | D:4      | Reached XP level 7. HP: 21/36 MP: 8/24
  6340 | D:4      | Killed Dowan
  6514 | D:4      | Got a creamy pearl robe
  6559 | D:4      | Identified the cursed -2 robe of the Blessed Realm {Acc+3 Dam+1} (You found it on level 4 of the Dungeon)
  6793 | D:4      | Noticed a slave
  6796 | D:4      | Noticed a slave
  6908 | D:3      | Killed gilgaladt's ghost
  7048 | D:4      | Killed a slave
  7347 | D:4      | Noticed a slave
  7352 | D:4      | Noticed Pikel
  7358 | D:4      | Noticed a slave
  7533 | D:5      | Entered Level 5 of the Dungeon
  7868 | D:5      | Learned a level 4 spell: Iskenderun's Battlesphere
  7936 | D:5      | Reached XP level 8. HP: 41/41 MP: 18/26
  8285 | D:5      | Got a smoking hammer
  8286 | D:5      | Noticed Crazy Yiuf
  8296 | D:5      | Killed Crazy Yiuf
  8421 | D:5      | Identified the hammer "Qocs" {crush, +Blink MR Str-2 Stlth++} (You found it on level 5 of the Dungeon)
  8483 | D:5      | Reached skill level 9 in Conjurations
  9044 | D:5      | Reached skill level 10 in Spellcasting
  9397 | D:5      | Found a burning altar of Makhleb.
  9496 | D:5      | Reached XP level 9. HP: 45/45 MP: 20/29
  9557 | D:5      | Found a snail-covered altar of Cheibriados.
  9711 | D:5      | Noticed Eustachio
  9728 | D:5      | Killed Eustachio
  9728 | D:5      | Reached skill level 11 in Spellcasting
 10105 | D:6      | Reached skill level 12 in Spellcasting
 10703 | D:6      | Found a staircase to the Ecumenical Temple.
 10710 | Temple   | Entered the Ecumenical Temple
 10807 | Temple   | Became a worshipper of Sif Muna the Loreminder
 11506 | D:7      | Learned a level 3 spell: Regeneration
 11509 | D:7      | Learned a level 2 spell: Repel Missiles
 11852 | D:7      | Found an ancient bone altar of Kikubaaqudgha.
 11934 | D:7      | Acquired Sif Muna's first power
 12699 | D:8      | Reached skill level 10 in Conjurations
 12785 | D:8      | Reached skill level 1 in Charms
 13256 | D:8      | Reached skill level 5 in Charms
 13256 | D:8      | Reached XP level 10. HP: 50/50 MP: 32/32
 13557 | D:9      | Identified a scroll of acquirement
 13560 | D:9      | Got an antique book
 13561 | D:9      | Identified Vehumet's Reference Book on Conjuration (You acquired it on level 9 of the Dungeon)
 13565 | D:9      | Learned a level 3 spell: Conjure Flame
 13890 | D:9      | Acquired Sif Muna's second power
 14510 | D:9      | Learned a level 5 spell: Fulminant Prism
 14786 | D:9      | Found a staircase to the Orcish Mines.
 14917 | D:9      | Found a roughly hewn altar of Beogh.
 15401 | D:9      | Reached skill level 13 in Conjurations
 15657 | Orc:1    | Entered Level 1 of the Orcish Mines
 15672 | Orc:1    | Noticed Prince Ribbit
 15675 | Orc:1    | Killed Prince Ribbit
 15678 | Orc:1    | Noticed Edmund
 15679 | Orc:1    | Killed Edmund
 16370 | D:10     | Entered Level 10 of the Dungeon
 16831 | D:10     | Acquired Sif Muna's third power
 16982 | D:10     | Noticed Psyche
 17000 | D:10     | Killed Psyche
 17186 | D:10     | Reached XP level 11. HP: 48/54 MP: 33/33
 17220 | D:10     | Reached skill level 14 in Conjurations
 17586 | D:10     | Got a pair of pitted gloves
 17588 | D:10     | Identified the cursed +0 pair of gloves of a wizard's laboratory {rF+} (You found it on level 10 of the Dungeon)
 17706 | D:10     | Noticed Harold
 17718 | D:10     | Killed Harold
 18616 | D:11     | Reached skill level 5 in Traps
 19105 | D:11     | Noticed a yaktaur captain
 19392 | D:11     | Got an ancient leather armour
 19400 | D:11     | Identified the +5 leather armour "Psuan" {rF+ Dex-1} (You found it on level 11 of the Dungeon)
 19513 | D:11     | Killed a yaktaur captain
 19586 | D:11     | Found a deep blue altar of Sif Muna.
 19589 | D:11     | Found a glowing golden altar of the Shining One.
 19705 | D:11     | Noticed an orc knight
 19852 | D:11     | Killed an orc knight
 20130 | D:11     | Reached skill level 10 in Traps
 20527 | D:12     | Noticed a hill giant
 20539 | D:12     | Killed a hill giant
 20539 | D:12     | Reached XP level 12. HP: 25/59 MP: 20/34
 21630 | D:12     | Found a staircase to the Lair.
 21651 | D:12     | Paralysed by a potion of paralysis for 2 turns
 21674 | Lair:1   | Entered Level 1 of the Lair of Beasts
 22554 | Lair:1   | Reached skill level 15 in Spellcasting
 22784 | Lair:2   | Found a blossoming altar of Fedhas.
 23749 | Lair:2   | Reached skill level 15 in Conjurations
 25205 | Lair:3   | Found a staircase to the Swamp.
 25253 | Lair:3   | Received a gift from Sif Muna
 25259 | Lair:3   | Got a conspicuous book {god gift}
 25373 | Lair:3   | Learned a level 2 spell: Sublimation of Blood
 25379 | Lair:3   | Learned a level 5 spell: Fireball
 25379 | Lair:3   | Identified Sif Muna's Compendium of Aerial Combat Magic (Sif Muna gifted it to you on level 3 of the Lair of Beasts)
 25383 | Lair:3   | Learned a level 3 spell: Mephitic Cloud
 25475 | Lair:3   | Reached skill level 16 in Conjurations
 26461 | Lair:3   | Found a dark tunnel.
 26506 | Volcano  | Entered a volcano
 27260 | Volcano  | Found a bloodstained altar of Trog.
 27853 | Lair:4   | Reached skill level 17 in Conjurations
 29307 | Orc:2    | Received a gift from Sif Muna
 29307 | Orc:2    | Reached XP level 13. HP: 63/63 MP: 28/36
 29311 | Orc:2    | Got a black book {god gift}
 29312 | Orc:2    | Identified Sif Muna's Papyrus of Torrid Confrontation (Sif Muna gifted it to you on level 2 of the Orcish Mines)
 30249 | Orc:4    | Entered Level 4 of the Orcish Mines
 30276 | Orc:4    | Reached skill level 18 in Conjurations
 30285 | Orc:4    | Noticed Sonja
 30286 | Orc:4    | Killed Sonja
 30590 | Orc:4    | Found Uwaicuez's Assorted Antiques.
 31570 | Orc:4    | Found a staircase to the Elven Halls.
 31798 | Orc:4    | Reached XP level 12. HP: 46/59 MP: 3/44
 32033 | Orc:4    | Reached skill level 19 in Conjurations
 32033 | Orc:4    | Reached XP level 13. HP: 63/63 MP: 10/36
 32046 | Orc:4    | Reached XP level 12. HP: 59/59 MP: 3/44
 32214 | Orc:4    | Received a gift from Sif Muna
 32217 | Orc:4    | Got a conspicuous book {god gift}
 32220 | Orc:4    | Identified Sif Muna's Guide on Blows and Bruises and Changing (Sif Muna gifted it to you on level 4 of the Orcish Mines)
 32361 | Orc:4    | Learned a level 7 spell: Orb of Destruction
 32526 | Orc:4    | Reached XP level 13. HP: 63/63 MP: 11/36
 32566 | Orc:4    | Reached skill level 5 in Necromancy
 33014 | Orc:4    | Found Streoniuh's Armour Shop.
 33014 | Orc:4    | Found Exunavia's Magic Scroll Shop.
 33014 | Orc:4    | Found Shroibli's Assorted Antiques.
 33014 | Orc:4    | Found Jekaqe Mahesch's Magical Wand Shop.
 33037 | Orc:4    | Bought a scroll of immolation for 17 gold pieces
 33037 | Orc:4    | Bought a scroll of identify for 34 gold pieces
 33039 | Orc:4    | Bought a +2 golden helmet of intelligence for 353 gold pieces
 33146 | Orc:4    | Found an ancient bone altar of Kikubaaqudgha.
 33621 | D:12     | Noticed a centaur warrior
 33626 | D:12     | Killed a centaur warrior
 33701 | D:12     | Noticed a hill giant
 33709 | D:12     | Killed a hill giant
 34023 | D:13     | Received a gift from Sif Muna
 34222 | D:13     | Noticed Maurice
 34232 | D:13     | Killed Maurice
 34294 | D:13     | Found a bloodstained altar of Trog.
 34627 | D:14     | Entered Level 14 of the Dungeon
 34984 | D:14     | Reached skill level 20 in Conjurations
 35244 | D:14     | Noticed a five-headed hydra
 35269 | D:14     | Killed a five-headed hydra
 35708 | D:14     | Found Ypyg's Magical Wand Shop.
 36250 | D:15     | Entered Level 15 of the Dungeon
 36443 | D:15     | Noticed a six-headed hydra
 36458 | D:15     | Killed a six-headed hydra
 36854 | D:15     | Received a gift from Sif Muna
 36856 | D:15     | Got a glistering book {god gift}
 36857 | D:15     | Identified Lee's Handbook of Combat Magic (Sif Muna gifted it to you on level 15 of the Dungeon)
 37578 | D:16     | Found a portal to a secret trove of treasure.
 37761 | D:16     | Reached skill level 1 in Armour
 38098 | D:16     | Reached XP level 14. HP: 62/68 MP: 18/38
 38282 | D:16     | Noticed Josephine
 38296 | D:16     | Killed Josephine
 38319 | D:16     | Reached skill level 5 in Armour
 40284 | D:16     | HP: 3/68 [titanic slime creature (32)]
 41461 | D:16     | Noticed a dragon
 41571 | D:16     | Killed a dragon
 42568 | D:17     | Reached skill level 10 in Armour
 43482 | Orc:4    | Bought a potion of heal wounds for 69 gold pieces
 43482 | Orc:4    | Bought a blackened book for 345 gold pieces
 43482 | Orc:4    | Bought a potion of curing for 46 gold pieces
 43487 | Orc:4    | Identified the Volume of Feathers and Protection (You bought it in a shop on level 4 of the Orcish Mines)
 43490 | Orc:4    | Learned a level 2 spell: Swiftness
 43557 | Elf:1    | Entered Level 1 of the Elven Halls
 44073 | Elf:1    | Reached XP level 15. HP: 72/72 MP: 32/39
 45123 | Elf:2    | Got a brightly glowing wizard hat
 45128 | Elf:2    | Got a slimy leather armour
 45200 | Elf:2    | Identified the cursed -3 wizard hat "Owetan" {Dex+2 Stlth++} (You found it on level 2 of the Elven Halls)
 45221 | Elf:2    | Identified the cursed +1 leather armour of Klulot {+Rage SInv Stlth++} (You found it on level 2 of the Elven Halls)
 45444 | Elf:2    | Noticed a centaur hunter
 45454 | Elf:2    | Killed a centaur hunter
 46003 | Elf:2    | Got a faintly humming helmet
 46009 | Elf:2    | Identified the +2 helmet of Qaunofug {Acc+6 Stlth+} (You found it on level 2 of the Elven Halls)
 46047 | Elf:2    | Found Throkhliucs' Distillery.
 46055 | Elf:2    | Bought a potion of slowing for 10 gold pieces
 46055 | Elf:2    | Bought a potion of curing for 20 gold pieces
 46055 | Elf:2    | Bought 2 potions of heal wounds for 60 gold pieces
 46298 | Elf:2    | Noticed a mummy summoner
 46352 | Elf:2    | Killed a mummy summoner
 46352 | Elf:2    | Received a gift from Sif Muna
 46367 | Elf:2    | Got a glistering book {god gift}
 46370 | Elf:2    | Identified Sif Muna's Papyrus of Poisonous Conjuration (Sif Muna gifted it to you on level 2 of the Elven Halls)
 46506 | Elf:3    | Entered Level 3 of the Elven Halls
 46701 | Elf:3    | Found a deep blue altar of Sif Muna.
 47604 | Elf:3    | Reached skill level 21 in Spellcasting
 47607 | Elf:3    | Noticed a deep elf blademaster
 47618 | Elf:3    | HP: 1/72 [deep elf blademaster/elven sabre of electrocution (10)]
 47618 | Elf:3    | Slain by a deep elf blademaster

Action                   |  1- 3 |  4- 6 |  7- 9 | 10-12 | 13-15 || total
-------------------------+-------+-------+-------+-------+-------++-------
Melee: Unarmed           |     1 |       |       |       |       ||     1
       Short sword       |     5 |    28 |       |       |       ||    33
       Quarterstaff      |       |       |     2 |    16 |       ||    18
       Staff             |       |       |    18 |    60 |    42 ||   120
       Sabre             |       |       |    13 |       |       ||    13
Throw: Dart              |     2 |       |     3 |     1 |       ||     6
 Cast: Magic Dart        |    78 |    97 |   282 |   438 |   317 ||  1212
       Force Lance       |     6 |    35 |    82 |    97 |    40 ||   260
       Iskenderun's Myst |       |     9 |    61 |   292 |   366 ||   728
       Iskenderun's Batt |       |       |    19 |    78 |   180 ||   277
       Conjure Flame     |       |       |       |    84 |    61 ||   145
       Fulminant Prism   |       |       |       |    81 |    88 ||   169
       Regeneration      |       |       |       |     2 |       ||     2
       Orb of Destructio |       |       |       |     4 |    27 ||    31
       Repel Missiles    |       |       |       |     3 |     7 ||    10
       Sublimation of Bl |       |       |       |     3 |     2 ||     5
       Mephitic Cloud    |       |       |       |     2 |       ||     2
Invok: Forget Spell      |       |       |       |     2 |       ||     2
       Channel Energy    |       |       |       |     1 |     2 ||     3
Evoke: Wand              |     1 |       |     3 |     4 |    12 ||    20
  Use: Potion            |     1 |       |     6 |    11 |    14 ||    32
       Scroll            |       |     2 |    14 |    17 |    19 ||    52
